 Dungeon Crawl Stone Soup version 0.16-a0-1816-g2c93a98 (webtiles) character file.

189 timbw the Cudgeler (level 5, -2/72 HPs)
             Began as a Troll Hunter on Nov 3, 2014.
             Was an Initiate of Okawaru.
             Slain by a worker ant (4 damage)
             ... on level 4 of the Dungeon.
             The game lasted 00:02:16 (489 turns).

timbw the Cudgeler (Troll Hunter)                    Turns: 489, Time: 00:02:16

Health: -2/72      AC: 22    Str: 20    XL:     5   Next: 40%
Magic:  2/2        EV:  1    Int: 12    God:    Okawaru [......]
Gold:   12         SH:  0    Dex: 11    Spells: 0 memorised, 4 levels left

rFire  . . .     SeeInvis .     (no weapon)
rCold  . . .     Clarity  .     d - melded +0 animal skin
rNeg   + + +     SustAb   .     (shield restricted)
rPois  +         Gourm    +     (helmet currently unavailable)
rElec  .         Spirit   .     (cloak currently unavailable)
rCorr  .         Warding  .     (gloves unavailable)
rMut   .         NoTele   +     (boots unavailable)
MR     .....                    (no amulet)
Stlth  ++........               (no ring)
                                e - ring of stealth

@: brilliant, lethally poisoned, tree-form, not resistant to hostile
enchantments, unstealthy
A: unfitting armour, (claws 0), fast metabolism 3, gourmand, regeneration 2,
(shaggy fur 0), (tough skin 0)
a: Renounce Religion


You were on level 4 of the Dungeon.
You worshipped Okawaru.
Okawaru was noncommittal.
You were hungry.
You were a tree.
You visited 2 branches of the dungeon, and saw 5 of its levels.

You collected 12 gold pieces.

Inventory:

Hand weapons
 f - a +0 club
 h - a +0 giant spiked club
Missiles
 c - 2 throwing nets (quivered)
Armour
 d - a +0 animal skin (melded)
Jewellery
 e - a ring of stealth (left branch)
Scrolls
 k - a scroll of identify
Potions
 j - a potion of cure mutation {unknown}
Comestibles
 a - 2 meat rations


   Skills:
 - Level 1.5 Fighting
 + Level 4.6 Maces & Flails
 - Level 3.6 Throwing
 - Level 1.7 Dodging
 - Level 0.4 Stealth


You had 4 spell levels left.
You didn't know any spells.

Dungeon Overview and Level Annotations

Branches:
Dungeon (4/15)             Temple (1/1) D:4

Altars:
Elyvilon
Gozag
Makhleb
Nemelex Xobeh
Okawaru
Qazlal
Ru
Trog
Vehumet
Xom
Yredelemnul
The Shining One


Innate Abilities, Weirdness & Mutations

You are too large for most types of armour.
((You have claws for hands.))
Your metabolism is lightning-fast.
You like to eat raw meat.
You heal very quickly.
((You are covered in fur (AC +1).))
((You have very tough skin (AC +2).))


Message History

Throwing (i - inventory. (,) - cycle):
b - 3 large rocks (quivered)
Press: ? - help, Shift-Dir - straight line, f/p - worker ant
Aim: a worker ant (moderately wounded)
You throw a large rock. The large rock hits the worker ant.
The worker ant is severely wounded.
You feel sick.
The worker ant bites you but does no damage.
Throwing (i - inventory. (,) - cycle):
b - 2 large rocks (quivered)
Press: ? - help, Shift-Dir - straight line, f/p - worker ant
Aim: a worker ant (severely wounded)
You throw a large rock.
The large rock barely misses the worker ant.
The worker ant bites you but does no damage.
Throwing (i - inventory. (,) - cycle):
b - a large rock (quivered)
Press: ? - help, Shift-Dir - straight line, f/p - worker ant
Aim: a worker ant (severely wounded)
You throw a large rock. The large rock hits the worker ant.
The worker ant is almost dead.
You feel sick. The worker ant bites you.
You die...

. #. #. . ###### #. #.#
#.... ##.## #.# #.#.#
....###.#####.#.##
#..##...........#
##.(##..# #.#...###
#(a♣.#..####(.......
......###....#....(......
.## #....#.##.....###
#.##...>.....##
..#####.#####.# ##. #(#
#.#### #. ..# #.##.. ...
#. #..# #....≈ $...#.# #.
#.## #.#.≈§


You could see a worker ant.

Vanquished Creatures
  An ogre (D:3)
  A hound (D:4)
  Natasha (D:4)
  A worker ant (D:4)
  An adder (D:2)
  2 giant cockroaches (D:3)
  2 hobgoblins
  A kobold (D:4)
  A bat (D:4)
  A giant newt (D:4)
  2 goblins
14 creatures vanquished.

Notes
Turn   | Place    | Note
--------------------------------------------------------------
     0 | D:1      | timbw, the Troll Hunter, began the quest for the Orb.
     0 | D:1      | Reached XP level 1. HP: 19/19 MP: 1/1
    97 | D:2      | Reached skill level 1 in Maces & Flails
    97 | D:2      | Reached XP level 2. HP: 9/27 MP: 1/1
   113 | D:3      | Noticed an ogre
   131 | D:3      | Killed an ogre
   131 | D:3      | Reached XP level 3. HP: 17/33 MP: 2/2
   131 | D:3      | Reached XP level 4. HP: 21/41 MP: 2/2
   198 | D:4      | Noticed Natasha
   211 | D:4      | Killed Natasha
   211 | D:4      | Reached skill level 4 in Maces & Flails
   227 | D:4      | Found a staircase to the Ecumenical Temple.
   238 | D:4      | Reached XP level 5. HP: 40/48 MP: 2/2
   249 | Temple   | Entered the Ecumenical Temple
   402 | Temple   | Became a worshipper of Warmaster Okawaru
   485 | D:4      | HP: 3/72 [poisoned by a worker ant]
   489 | D:4      | Slain by a worker ant

Action                   |  1- 3 |  4- 6 || total
-------------------------+-------+-------++-------
Melee: Unarmed           |    17 |    43 ||    60
Throw: Large rock        |     5 |     5 ||    10
       Throwing net      |     1 |       ||     1
  Use: Scroll            |       |     2 ||     2
       Potion            |       |     2 ||     2
 Stab: Held in net/web   |     1 |       ||     1
  Eat: Chunk             |       |     1 ||     1
